[Event "FICS rated blitz game"]
[Site "FICS freechess.org"]
[FICSGamesDBGameNo "20002488"]
[White "dbercot"]
[Black "rnolet"]
[WhiteElo "1270"]
[BlackElo "1474"]
[WhiteRD "na"]
[BlackRD "na"]
[TimeControl "300+0"]
[Date "1999.10.10"]
[Time "18:51:00"]
[WhiteClock "0:05:00.000"]
[BlackClock "0:05:00.000"]
[ECO "C00"]
[PlyCount "114"]
[Result "0-1"]

1. e4 e6 2. f4 d5 3. exd5 exd5 4. Nf3 Bg4 5. d4 Be7 6. g3 Nf6 7. Bd3 Ne4 8. O-O O-O 9. Nc3 f5 10. Nxe4 fxe4 11. c4 Bxf3 12. Rxf3 exf3 13. Qc2 g6 14. Kf2 Nc6 15. cxd5 Nxd4 16. Qc4 Bf6 17. d6+ Kg7 18. dxc7 Qd7 19. Be3 Rac8 20. Bxd4 Qxd4+ 21. Qxd4 Bxd4+ 22. Kf1 Rxc7 23. Re1 Kf7 24. Re4 Re8 25. Rxd4 Re3 26. Bc4+ Kf6 27. Rd6+ Re6 28. Rxe6+ Kf5 29. Re3 Rxc4 30. b3 Rc2 31. a3 Rxh2 32. Rxf3 Ra2 33. b4 Kg4 34. Rd3 Rh2 35. Rc3 Rh3 36. Kf2 Rh1 37. Kg2 Ra1 38. Re3 Ra2+ 39. Kf1 g5 40. fxg5 Kxg5 41. Kg1 h5 42. Rc3 Kg4 43. Kh1 Kh3 44. Kg1 h4 45. gxh4+ Kxh4 46. Kf1 Kg4 47. Ke1 Kf4 48. Kd1 Ke4 49. Kc1 Kd4 50. Rb3 Kc4 51. Rh3 Kb5 52. Kb1 Re2 53. Rh5+ Kb6 54. Rh3 Kb5 55. Rh5+ Kc4 56. Rh4+ Kd3 57. Rh3+ Re3 {White forfeits on time} 0-1

[Event "FICS rated blitz game"]
[Site "FICS freechess.org"]
[FICSGamesDBGameNo "20002487"]
[White "compassion"]
[Black "basenji"]
[WhiteElo "1847"]
[BlackElo "1858"]
[WhiteRD "na"]
[BlackRD "na"]
[TimeControl "180+0"]
[Date "1999.10.10"]
[Time "18:31:00"]
[WhiteClock "0:03:00.000"]
[BlackClock "0:03:00.000"]
[ECO "B20"]
[PlyCount "91"]
[Result "1-0"]

1. e4 c5 2. d3 d5 3. e5 d4 4. Nf3 Nc6 5. g3 Bg4 6. Bf4 g5 7. Bxg5 Nxe5 8. Nbd2 Nxf3+ 9. Nxf3 Qd5 10. Bg2 Qxg5 11. Nxg5 Bxd1 12. Rxd1 Bh6 13. Ne4 Rb8 14. Nxc5 b6 15. Bc6+ Kf8 16. Ne4 Rc8 17. Ba4 Kg7 18. O-O Nf6 19. h3 Nxe4 20. dxe4 e5 21. f4 f6 22. Bb3 Rhe8 23. Rde1 Rc7 24. Kg2 Rce7 25. Bd5 Rc8 26. Re2 Rec7 27. Bb3 b5 28. Kf3 a5 29. a4 bxa4 30. Bxa4 exf4 31. gxf4 Kf7 32. e5 fxe5 33. Rxe5 Re7 34. Rfe1 Rcc7 35. R1e4 Bg7 36. Rf5+ Kg8 37. Bb3+ Kh8 38. Rd5 Rxe4 39. Kxe4 h6 40. Rd8+ Kh7 41. Rd5 Re7+ 42. Kf3 Re3+ 43. Kf2 Rxh3 44. Rxa5 Rh2+ 45. Kf3 Rh3+ 46. Ke4 {Black forfeits on time} 1-0

[Event "FICS rated lightning game"]
[Site "FICS freechess.org"]
[FICSGamesDBGameNo "20002486"]
[White "epdam"]
[Black "Penseroso"]
[WhiteElo "1389"]
[BlackElo "1303"]
[WhiteRD "na"]
[BlackRD "na"]
[TimeControl "120+0"]
[Date "1999.10.10"]
[Time "18:04:00"]
[WhiteClock "0:02:00.000"]
[BlackClock "0:02:00.000"]
[ECO "B56"]
[PlyCount "47"]
[Result "1-0"]

1. e4 c5 2. Nf3 d6 3. d4 cxd4 4. Nxd4 Nf6 5. Nc3 Bd7 6. Be3 Nc6 7. Nxc6 Bxc6 8. f3 e6 9. Bb5 Be7 10. O-O O-O 11. Bxc6 bxc6 12. g4 d5 13. e5 Nd7 14. f4 f6 15. exf6 Bxf6 16. h3 Bxc3 17. bxc3 g6 18. Rb1 e5 19. fxe5 Nxe5 20. Bd4 Nc4 21. Rxf8+ Qxf8 22. Qf1 Qa3 23. Qf6 Nd2 24. Qg7# {Black checkmated} 1-0

[Event "FICS rated blitz game"]
[Site "FICS freechess.org"]
[FICSGamesDBGameNo "20002484"]
[White "naomi"]
[Black "Mordak"]
[WhiteElo "1470"]
[BlackElo "1421"]
[WhiteRD "na"]
[BlackRD "na"]
[TimeControl "240+0"]
[Date "1999.10.10"]
[Time "16:18:00"]
[WhiteClock "0:04:00.000"]
[BlackClock "0:04:00.000"]
[ECO "A03"]
[PlyCount "134"]
[Result "0-1"]

1. f4 d5 2. Nf3 e6 3. e3 Nc6 4. Be2 Nf6 5. Nc3 Bb4 6. a3 Ba5 7. b4 Bb6 8. d4 a5 9. Bb2 axb4 10. axb4 Rxa1 11. Bxa1 Nxb4 12. O-O O-O 13. Ne5 c6 14. Qe1 Nxc2 15. Qc1 Nxa1 16. Qxa1 Ba5 17. Nd1 Ne4 18. Nf2 Nxf2 19. Rxf2 f6 20. Nf3 b5 21. Nh4 Bd7 22. g4 b4 23. f5 exf5 24. gxf5 Qe8 25. Rg2 Qxe3+ 26. Kh1 Bb6 27. Qg1 Rf7 28. Qf2 Bxd4 29. Qxe3 Bxe3 30. Bf3 Bg5 31. Rg4 Bxh4 32. Rxh4 Bxf5 33. Rxb4 Rc7 34. Kg1 g5 35. Kf2 Kf7 36. Bg2 Be4 37. Bxe4 dxe4 38. Ke3 f5 39. h3 c5 40. Rc4 Ke6 41. Kd2 Kd5 42. Rc2 h5 43. Ke3 Ke5 44. Rd2 f4+ 45. Ke2 c4 46. Rc2 c3 47. Kf2 e3+ 48. Kf3 Kf5 49. Ke2 g4 50. hxg4+ hxg4 51. Kd3 g3 52. Rc1 Kg4 53. Rg1 c2 54. Rc1 Kf3 55. Kd4 Kf2 56. Kd3 g2 57. Ke4 g1=Q 58. Rxg1 Kxg1 59. Kxf4 c1=Q 60. Kf3 e2 61. Kg4 e1=Q 62. Kf3 Qf4+ 63. Kxf4 Rf7+ 64. Kg4 Qe2+ 65. Kg5 Qg2+ 66. Kh6 Rf3 67. Kh5 Rh3# {White checkmated} 0-1

[Event "FICS rated blitz game"]
[Site "FICS freechess.org"]
[FICSGamesDBGameNo "20002483"]
[White "Noor"]
[Black "reinovsky"]
[WhiteElo "1091"]
[BlackElo "1412"]
[WhiteRD "na"]
[BlackRD "na"]
[TimeControl "300+0"]
[Date "1999.10.10"]
[Time "15:56:00"]
[WhiteClock "0:05:00.000"]
[BlackClock "0:05:00.000"]
[ECO "B22"]
[PlyCount "122"]
[Result "1/2-1/2"]

1. e4 c5 2. c3 d5 3. d4 dxe4 4. Nd2 cxd4 5. Nxe4 dxc3 6. Qxd8+ Kxd8 7. Nxc3 Nc6 8. Be3 Nf6 9. Bb5 Bd7 10. Nf3 a6 11. Ba4 e6 12. Ne5 b5 13. Nxf7+ Kc7 14. Nxh8 bxa4 15. Rd1 Bb4 16. Nf7 Bxc3+ 17. bxc3 Rb8 18. O-O Rb2 19. Bf4+ Kc8 20. Rd6 Rxa2 21. Rfd1 Be8 22. Ne5 Ne4 23. R6d3 Nxf2 24. R1d2 Nxd3 25. Rxa2 Ncxe5 26. Re2 Nc4 27. Rxe6 Bd7 28. Re7 Nxf4 29. Re4 Nb2 30. Rxf4 a3 31. Rf1 a2 32. Ra1 Be6 33. Kf2 Na4 34. Ke2 Nxc3+ 35. Kd2 Nb1+ 36. Kc2 Na3+ 37. Kb2 Nc4+ 38. Kc2 Ne3+ 39. Kb2 Nxg2 40. Rg1 Ne3 41. Rxg7 Nc2 42. Rg1 a1=Q+ 43. Rxa1 Nxa1 44. Kxa1 Kc7 45. Kb2 Kd6 46. Kc3 Ke5 47. Kb4 Kf4 48. Kc3 Kg4 49. Kd4 Kh3 50. Ke5 Kxh2 51. Kxe6 a5 52. Kd5 a4 53. Kc4 a3 54. Kb3 h5 55. Kxa3 h4 56. Kb3 h3 57. Kc2 Kg3 58. Kd2 h2 59. Ke2 h1=Q 60. Kd3 Qf3+ 61. Kd2 Kf2 {Black ran out of time and White has no material to mate} 1/2-1/2

[Event "FICS rated blitz game"]
[Site "FICS freechess.org"]
[FICSGamesDBGameNo "20002482"]
[White "embu"]
[Black "Einhorn"]
[WhiteElo "1482"]
[BlackElo "1442"]
[WhiteRD "na"]
[BlackRD "na"]
[TimeControl "180+0"]
[Date "1999.10.10"]
[Time "15:38:00"]
[WhiteClock "0:03:00.000"]
[BlackClock "0:03:00.000"]
[ECO "C00"]
[PlyCount "93"]
[Result "1-0"]

1. e4 e6 2. Nf3 Nf6 3. d3 Be7 4. Be2 Nc6 5. O-O d6 6. Nc3 a6 7. d4 Nb4 8. a3 Nc6 9. d5 exd5 10. exd5 Ne5 11. Re1 Nxf3+ 12. Bxf3 Bf5 13. Qe2 Qd7 14. Bg5 h6 15. Bxf6 gxf6 16. Rad1 O-O-O 17. Qxe7 Qxe7 18. Rxe7 Rhf8 19. Be4 Bxe4 20. Rxe4 f5 21. Re7 c6 22. Rde1 c5 23. f4 b6 24. g3 Rd7 25. Re8+ Rxe8 26. Rxe8+ Kc7 27. Kf2 f6 28. Re6 Rf7 29. Ne2 b5 30. b3 a5 31. c4 bxc4 32. bxc4 h5 33. Nc3 Rd7 34. Nb5+ Kb6 35. Rxd6+ Rxd6 36. Nxd6 Kc7 37. Nxf5 Kd7 38. Ke3 Ke8 39. Ke4 Kf7 40. h3 Kg6 41. g4 hxg4 42. hxg4 a4 43. d6 Kf7 44. Kd5 Ke8 45. Kxc5 Kd7 46. Kd5 Ke8 47. c5 {Black resigns} 1-0

[Event "FICS rated blitz game"]
[Site "FICS freechess.org"]
[FICSGamesDBGameNo "20002480"]
[White "algl"]
[Black "Raph"]
[WhiteElo "1610"]
[BlackElo "1729"]
[WhiteRD "na"]
[BlackRD "na"]
[TimeControl "300+0"]
[Date "1999.10.10"]
[Time "13:11:00"]
[WhiteClock "0:05:00.000"]
[BlackClock "0:05:00.000"]
[ECO "A42"]
[PlyCount "106"]
[Result "0-1"]

1. d4 d6 2. c4 Nd7 3. e4 g6 4. Nc3 Bg7 5. Nf3 c5 6. Be3 b6 7. d5 a6 8. Bd3 Ngf6 9. O-O O-O 10. Rc1 Rb8 11. a4 Ng4 12. Bg5 h6 13. Bh4 g5 14. Bg3 Ngf6 15. e5 dxe5 16. Nxe5 Nh5 17. Nc6 Nxg3 18. Nxd8 Nxf1 19. Qxf1 Rxd8 20. Re1 Ne5 21. Qe2 Rb7 22. Qe4 Ng6 23. h3 Rd6 24. Qe2 Nf4 25. Qd2 Rf6 26. Ne4 Rf5 27. d6 Bd4 28. Ng3 Nxd3 29. Nxf5 Nxf2 30. Nxd4 cxd4 31. Qxf2 e5 32. Qf6 Be6 33. Rxe5 Rd7 34. c5 bxc5 35. Rxc5 Rxd6 36. Qxh6 d3 37. Qxg5+ Kf8 38. Rc1 d2 39. Rd1 Bb3 40. Rxd2 Rxd2 41. Qxd2 Bc4 42. Qd8+ Kg7 43. Qd4+ Kf8 44. Qxc4 a5 45. Qc5+ Kg7 46. Qxa5 Kf6 47. Qd5 Ke7 48. a5 Kf8 49. a6 Kg7 50. a7 Kf8 51. Qe5 Kg8 52. a8=Q+ Kh7 53. Qah8+ Kg6 {White forfeits on time} 0-1

[Event "FICS rated blitz game"]
[Site "FICS freechess.org"]
[FICSGamesDBGameNo "20002479"]
[White "Sanders"]
[Black "UnPion"]
[WhiteElo "1749"]
[BlackElo "1676"]
[WhiteRD "na"]
[BlackRD "na"]
[TimeControl "300+0"]
[Date "1999.10.10"]
[Time "13:11:00"]
[WhiteClock "0:05:00.000"]
[BlackClock "0:05:00.000"]
[ECO "C03"]
[PlyCount "64"]
[Result "0-1"]

1. e4 e6 2. d4 d5 3. Nd2 Ne7 4. f3 c5 5. dxc5 Nec6 6. Nb3 Be7 7. Bd3 Nd7 8. exd5 exd5 9. f4 Nxc5 10. Nf3 Bg4 11. O-O Nxd3 12. Qxd3 O-O 13. Bd2 Qc7 14. Qxd5 Rad8 15. Qc4 Be6 16. Qe2 a5 17. Bc3 a4 18. Nbd2 a3 19. Ng5 Bc5+ 20. Kh1 Rfe8 21. Nde4 axb2 22. Bxb2 Nd4 23. Qh5 Bf5 24. Ng3 Bg6 25. Qg4 f5 26. Qd1 Nc6 27. Qc1 Nb4 28. a3 Nd5 29. c4 Ne3 30. Re1 Qxf4 31. Nf3 Qxc4 32. Rxe3 Qxc1+ {White resigns} 0-1

[Event "FICS rated blitz game"]
[Site "FICS freechess.org"]
[FICSGamesDBGameNo "20002478"]
[White "catspawoff"]
[Black "JaiMan"]
[WhiteElo "1464"]
[BlackElo "1305"]
[WhiteRD "na"]
[BlackRD "na"]
[TimeControl "300+0"]
[Date "1999.10.10"]
[Time "13:01:00"]
[WhiteClock "0:05:00.000"]
[BlackClock "0:05:00.000"]
[ECO "C41"]
[PlyCount "125"]
[Result "1-0"]

1. e4 e5 2. Nf3 d6 3. d4 Bg4 4. dxe5 Bxf3 5. Qxf3 dxe5 6. Bc4 Nf6 7. Bg5 Be7 8. O-O O-O 9. Nc3 Nbd7 10. Rad1 Qc8 11. Bxf6 Nxf6 12. Rd2 Qg4 13. Qxg4 Nxg4 14. h3 Nf6 15. Rfd1 Bd6 16. Nb5 Nxe4 17. Re2 Nf6 18. Nxd6 cxd6 19. Rxd6 Rac8 20. Bb3 b6 21. Rxe5 Rc7 22. Re2 Nd7 23. Re7 Rd8 24. Rxf7 Kh8 25. Be6 Rxc2 26. Rdxd7 Rc1+ 27. Kh2 Rcc8 28. Rxa7 Rc6 29. Bd5 Rcd6 30. Bb3 Rg6 31. Rf3 h6 32. Raf7 Kh7 33. Bc2 Rd6 34. Bxg6+ Kxg6 35. Rb7 Re6 36. Rff7 Kh5 37. Rxg7 Rf6 38. g4+ Kh4 39. Kg2 h5 40. Rh7 Kg5 41. Rbg7+ Kf4 42. Rf7 Rxf7 43. Rxf7+ Kg5 44. gxh5 Kxh5 45. Rf6 Kg5 46. Rxb6 Kf4 47. a4 Kg5 48. a5 Kf4 49. a6 Ke4 50. a7 Kd3 51. a8=Q Kc2 52. Qa2 Kd3 53. Rc6 Ke4 54. Qe6+ Kd3 55. Rd6+ Kc2 56. Qd7 Kb1 57. Qc7 Ka2 58. b4 Kb3 59. b5 Kb4 60. b6 Kb5 61. b7 Ka4 62. b8=Q Ka3 63. Qca7# {Black checkmated} 1-0

[Event "FICS rated blitz game"]
[Site "FICS freechess.org"]
[FICSGamesDBGameNo "20002477"]
[White "richhughes"]
[Black "Trd"]
[WhiteElo "887"]
[BlackElo "1266"]
[WhiteRD "na"]
[BlackRD "na"]
[TimeControl "120+5"]
[Date "1999.10.10"]
[Time "11:31:00"]
[WhiteClock "0:02:00.000"]
[BlackClock "0:02:00.000"]
[ECO "C01"]
[PlyCount "66"]
[Result "0-1"]

1. e4 e6 2. d4 d5 3. exd5 Qxd5 4. Nc3 Qd8 5. d5 Bb4 6. a3 Bxc3+ 7. bxc3 exd5 8. Be3 c6 9. Qd4 Nf6 10. Bg5 O-O 11. Ne2 Nbd7 12. g3 Re8 13. Bg2 b6 14. Bf3 Ba6 15. O-O Bxe2 16. Rfe1 Bxf3 17. Rxe8+ Qxe8 18. Qf4 Be4 19. Qc7 Rc8 20. Qxa7 Nh5 21. Qa4 Qe5 22. Qb4 Qxg5 23. Qd6 Rd8 24. Qxc6 Bxc2 25. h4 Qd2 26. Kg2 Ne5 27. Qxb6 Be4+ 28. Kg1 Nf3+ 29. Kg2 Nxh4+ 30. Kh3 Nf4+ 31. Kxh4 Ng6+ 32. Kh3 Qh6+ 33. Kg4 Ne5# {White checkmated} 0-1

[Event "FICS rated standard game"]
[Site "FICS freechess.org"]
[FICSGamesDBGameNo "20002476"]
[White "brenno"]
[Black "Slammer"]
[WhiteElo "1399"]
[BlackElo "1608"]
[WhiteRD "na"]
[BlackRD "na"]
[TimeControl "3600+0"]
[Date "1999.10.10"]
[Time "11:25:00"]
[WhiteClock "1:00:00.000"]
[BlackClock "1:00:00.000"]
[ECO "C50"]
[PlyCount "37"]
[Result "0-1"]

1. e4 e5 2. Nf3 Nc6 3. Bc4 Nd4 4. c3 Nxf3+ 5. Qxf3 Nf6 6. d4 d6 7. h3 Be7 8. O-O O-O 9. Rd1 Qe8 10. d5 Nd7 11. Bd3 Nc5 12. Bc2 c6 13. c4 a5 14. Nc3 b5 15. Bd2 bxc4 16. Na4 Rb8 17. Bxa5 cxd5 18. Bc7 Rb7 19. Nxc5 {White resigns} 0-1

[Event "FICS rated blitz game"]
[Site "FICS freechess.org"]
[FICSGamesDBGameNo "20002475"]
[White "Smak"]
[Black "valmont"]
[WhiteElo "1580"]
[BlackElo "1553"]
[WhiteRD "na"]
[BlackRD "na"]
[TimeControl "120+12"]
[Date "1999.10.10"]
[Time "10:59:00"]
[WhiteClock "0:02:00.000"]
[BlackClock "0:02:00.000"]
[ECO "C47"]
[PlyCount "58"]
[Result "0-1"]

1. e4 e5 2. Nf3 Nc6 3. d4 exd4 4. Nxd4 Nf6 5. Nc3 Nxe4 6. Nxe4 Qe7 7. f3 d5 8. Nxc6 bxc6 9. Bd3 Bf5 10. O-O dxe4 11. fxe4 Bg6 12. Be3 Rd8 13. Qf3 Qe6 14. Bxa7 c5 15. Bb5+ c6 16. Ba4 Ra8 17. Bb3 c4 18. Be3 cxb3 19. cxb3 Be7 20. Rac1 O-O 21. Rc4 Rxa2 22. Bd4 Bxe4 23. Qg3 Qg6 24. Qxg6 fxg6 25. Re1 Bd5 26. Rcc1 Bf6 27. Bc5 Rd8 28. Be7 Bd4+ 29. Kh1 Rxb2 {White resigns} 0-1

[Event "FICS rated blitz game"]
[Site "FICS freechess.org"]
[FICSGamesDBGameNo "20002474"]
[White "Reznor"]
[Black "Ramsed"]
[WhiteElo "1966"]
[BlackElo "1661"]
[WhiteRD "na"]
[BlackRD "na"]
[TimeControl "180+0"]
[Date "1999.10.10"]
[Time "10:56:00"]
[WhiteClock "0:03:00.000"]
[BlackClock "0:03:00.000"]
[ECO "B04"]
[PlyCount "62"]
[Result "0-1"]

1. e4 Nf6 2. e5 Nd5 3. d4 d6 4. Nf3 g6 5. Bc4 Nb6 6. Bb3 Bg7 7. Ng5 O-O 8. Qf3 e6 9. h4 dxe5 10. h5 h6 11. Ne4 g5 12. Bxg5 hxg5 13. h6 Bh8 14. h7+ Kg7 15. dxe5 Nc6 16. Qh5 f5 17. Qh6+ Kf7 18. Nxg5+ Ke8 19. Qg6+ Ke7 20. f4 Nd5 21. O-O Nd4 22. Bxd5 Qxd5 23. Nc3 Qc5 24. Kh1 Nxc2 25. Rac1 Ne3 26. Rfe1 Qd4 27. Nb5 Qd2 28. Rxc7+ Kd8 29. Rec1 Bd7 30. Nf3 Qf2 31. Rd1 Nxd1 {White resigns} 0-1

[Event "FICS rated blitz game"]
[Site "FICS freechess.org"]
[FICSGamesDBGameNo "20002473"]
[White "DEFI"]
[Black "Quatari"]
[WhiteElo "963"]
[BlackElo "1245"]
[WhiteRD "na"]
[BlackRD "na"]
[TimeControl "300+5"]
[Date "1999.10.10"]
[Time "10:05:00"]
[WhiteClock "0:05:00.000"]
[BlackClock "0:05:00.000"]
[ECO "C60"]
[PlyCount "80"]
[Result "0-1"]

1. e4 e5 2. Nf3 Nc6 3. Bb5 a5 4. Nc3 Nf6 5. O-O d6 6. Re1 Be7 7. d4 Bd7 8. dxe5 dxe5 9. Nxe5 Nxe5 10. Bxd7+ Qxd7 11. Qxd7+ Nexd7 12. Nd5 Bd6 13. e5 Nxe5 14. Nxc7+ Bxc7 15. Bf4 O-O 16. Bxe5 Bxe5 17. Rxe5 Rfe8 18. Rae1 Rxe5 19. Rxe5 g6 20. h3 Rc8 21. c3 Re8 22. Rxa5 Re2 23. b4 Rc2 24. Rc5 Rxa2 25. Rc7 Rc2 26. c4 Ne4 27. c5 Nxf2 28. Kf1 Nd3 29. Rc8+ Kg7 30. Rc7 Nxb4 31. Rxb7 Nd3 32. Rc7 Rxc5 33. Rd7 Ne5 34. Rd1 Rc2 35. Re1 Nd3 36. Ra1 Nf4 37. Ke1 Rxg2 38. Kf1 Rh2 39. Kg1 Rxh3 40. Kf2 h5 {White resigns} 0-1

[Event "FICS rated standard game"]
[Site "FICS freechess.org"]
[FICSGamesDBGameNo "20002472"]
[White "DamianoJ"]
[Black "ReverendJay"]
[WhiteElo "1466"]
[BlackElo "1593"]
[WhiteRD "na"]
[BlackRD "na"]
[TimeControl "1500+0"]
[Date "1999.10.10"]
[Time "10:03:00"]
[WhiteClock "0:25:00.000"]
[BlackClock "0:25:00.000"]
[ECO "D50"]
[PlyCount "68"]
[Result "0-1"]

1. d4 d5 2. c4 dxc4 3. Nc3 Nf6 4. Bg5 e6 5. e3 h6 6. Bxf6 Qxf6 7. Bxc4 Bb4 8. Ne2 Bxc3+ 9. Nxc3 c6 10. O-O O-O 11. Ne4 Qe7 12. a4 Nd7 13. Qb3 Nb6 14. Nd2 Nxc4 15. Nxc4 Kh8 16. Ne5 Qe8 17. Rfc1 f6 18. Nf3 b6 19. Qd3 a5 20. Nh4 f5 21. Rab1 Ba6 22. Qb3 b5 23. axb5 Bxb5 24. Rc5 a4 25. Qb4 Qh5 26. Nf3 Bd3 27. Ra1 Be4 28. Ne5 f4 29. f3 Bd5 30. Rxa4 fxe3 31. Rxa8 Rxa8 32. Ra5 Rxa5 33. Qxa5 Bxf3 34. Nxf3 Qxa5 {White resigns} 0-1

[Event "FICS rated blitz game"]
[Site "FICS freechess.org"]
[FICSGamesDBGameNo "20002470"]
[White "kirki"]
[Black "eegs"]
[WhiteElo "901"]
[BlackElo "1014"]
[WhiteRD "na"]
[BlackRD "na"]
[TimeControl "600+0"]
[Date "1999.10.10"]
[Time "09:39:00"]
[WhiteClock "0:10:00.000"]
[BlackClock "0:10:00.000"]
[ECO "C24"]
[PlyCount "74"]
[Result "0-1"]

1. e4 e5 2. Bc4 Nf6 3. d3 Bc5 4. Nf3 h6 5. Nxe5 Rf8 6. Nc3 d6 7. Nxf7 Rxf7 8. Bxf7+ Kxf7 9. d4 Bb6 10. e5 dxe5 11. Be3 exd4 12. Bxd4 Bxd4 13. Ne2 Ne4 14. Nxd4 Qe8 15. Qf3+ Bf5 16. Qxf5+ Kg8 17. O-O-O Nc6 18. Ne6 Qc8 19. Qxe4 Qe8 20. Rhe1 Qe7 21. Qd5 Qf7 22. Nxc7 Rc8 23. Re8+ Rxe8 24. Nxe8 Kf8 25. Qxf7+ Kxf7 26. Nd6+ Ke6 27. Nxb7 Ne5 28. Rd6+ Ke7 29. Ra6 Ng4 30. f3 Nxh2 31. Rxa7 Nf1 32. Nc5+ Kf6 33. Ne4+ Ke5 34. Re7+ Kd4 35. c3+ Kd5 36. Rxg7 Nd2 37. Rd7+ Kc6 {White forfeits on time} 0-1

[Event "FICS rated blitz game"]
[Site "FICS freechess.org"]
[FICSGamesDBGameNo "20002469"]
[White "Ogre"]
[Black "MazerRackham"]
[WhiteElo "1368"]
[BlackElo "1377"]
[WhiteRD "na"]
[BlackRD "na"]
[TimeControl "180+0"]
[Date "1999.10.10"]
[Time "09:13:00"]
[WhiteClock "0:03:00.000"]
[BlackClock "0:03:00.000"]
[ECO "A46"]
[PlyCount "71"]
[Result "1-0"]

1. d4 Nf6 2. Nf3 d6 3. Bg5 b6 4. e3 Bb7 5. Bd3 h6 6. Bxf6 gxf6 7. Nbd2 Qd7 8. c3 Nc6 9. Qe2 h5 10. a4 a5 11. O-O Rg8 12. Rfb1 Qg4 13. g3 Nd8 14. b4 axb4 15. cxb4 Ne6 16. a5 Bxf3 17. Qxf3 Qg5 18. Ne4 Qd5 19. Nxf6+ exf6 20. Qxd5 bxa5 21. Rxa5 Rd8 22. Qc6+ Ke7 23. Ra7 h4 24. d5 hxg3 25. hxg3 Rd7 26. dxe6 fxe6 27. Rxc7 Rxc7 28. Qxc7+ Ke8 29. Ra1 Be7 30. Ra8+ Kf7 31. Rxg8 Kxg8 32. Qxe7 f5 33. g4 fxg4 34. Bg6 g3 35. Qf7+ Kh8 36. Qh7# {Black checkmated} 1-0

[Event "FICS rated blitz game"]
[Site "FICS freechess.org"]
[FICSGamesDBGameNo "20002468"]
[White "Bogre"]
[Black "chesshack"]
[WhiteElo "1613"]
[BlackElo "1580"]
[WhiteRD "na"]
[BlackRD "na"]
[TimeControl "120+12"]
[Date "1999.10.10"]
[Time "09:12:00"]
[WhiteClock "0:02:00.000"]
[BlackClock "0:02:00.000"]
[ECO "C40"]
[PlyCount "105"]
[Result "1-0"]

1. e4 e5 2. Nf3 d5 3. Nxe5 Bd6 4. d4 dxe4 5. Nc3 Bxe5 6. dxe5 Qxd1+ 7. Kxd1 Nc6 8. Bf4 Bg4+ 9. Ke1 Nd4 10. Kd2 O-O-O 11. Kc1 Ne7 12. Nxe4 Ng6 13. Bd2 Nxe5 14. c3 Ne2+ 15. Kc2 Bf5 16. f3 Rxd2+ 17. Kxd2 Nf4 18. g3 Rd8+ 19. Kc2 Nxf3 20. gxf4 Bxe4+ 21. Kc1 Nh4 22. Rg1 g6 23. b4 Nf3 24. Rg2 f5 25. a4 Nd4 26. Rb2 Ne6 27. Rf2 g5 28. fxg5 Nxg5 29. Raa2 c6 30. Rad2 Rg8 31. Bg2 Kc7 32. Rd4 Ne6 33. Rdd2 h5 34. Bxe4 fxe4 35. Rf7+ Kb8 36. Rdd7 Nd8 37. Rg7 Rf8 38. Rge7 Kc8 39. Rd4 Rf1+ 40. Kc2 Rf2+ 41. Rd2 Rf4 42. Re2 a6 43. R2xe4 Rf2+ 44. Re2 Rf3 45. Rh7 Rh3 46. Kb3 Rh4 47. a5 Rh3 48. Kc4 Rf3 49. Rxh5 Nf7 50. Re7 Kd8 51. Re2 Nd6+ 52. Kb3 Kd7 53. Rd2 {Black forfeits on time} 1-0

[Event "FICS rated blitz game"]
[Site "FICS freechess.org"]
[FICSGamesDBGameNo "20002467"]
[White "hillel"]
[Black "huberty"]
[WhiteElo "1899"]
[BlackElo "1898"]
[WhiteRD "na"]
[BlackRD "na"]
[TimeControl "180+0"]
[Date "1999.10.10"]
[Time "08:20:00"]
[WhiteClock "0:03:00.000"]
[BlackClock "0:03:00.000"]
[ECO "E99"]
[PlyCount "53"]
[Result "1-0"]

1. Nf3 g6 2. d4 Bg7 3. c4 Nf6 4. Nc3 O-O 5. e4 d6 6. Be2 e5 7. O-O Nc6 8. d5 Ne7 9. Ne1 Nd7 10. Be3 f5 11. f3 f4 12. Bf2 g5 13. a4 Ng6 14. a5 Rf7 15. c5 Nxc5 16. Bxc5 dxc5 17. Bc4 Kh8 18. a6 b6 19. d6 Rd7 20. Bd5 Rxd6 21. Nb5 Rd7 22. Qb3 Rb8 23. Nxa7 g4 24. Nc6 Qh4 25. Nxb8 g3 26. h3 Rd6 27. Qc2 {Black resigns} 1-0

[Event "FICS rated blitz game"]
[Site "FICS freechess.org"]
[FICSGamesDBGameNo "20002466"]
[White "GeneralManager"]
[Black "goldrake"]
[WhiteElo "1613"]
[BlackElo "1690"]
[WhiteRD "na"]
[BlackRD "na"]
[TimeControl "180+0"]
[Date "1999.10.10"]
[Time "07:39:00"]
[WhiteClock "0:03:00.000"]
[BlackClock "0:03:00.000"]
[ECO "A56"]
[PlyCount "100"]
[Result "0-1"]

1. d4 Nf6 2. c4 c5 3. Nc3 cxd4 4. Qxd4 Nc6 5. Qd1 g6 6. Nf3 Bg7 7. e4 d6 8. Bg5 O-O 9. Bd3 Ne5 10. Nxe5 dxe5 11. O-O Be6 12. Nd5 Nxd5 13. cxd5 Bd7 14. Rc1 f6 15. Be3 a6 16. Qd2 Re8 17. f4 exf4 18. Bxf4 e5 19. Bh6 Bh8 20. a3 Rc8 21. h3 Qe7 22. Be2 f5 23. Bg5 Bf6 24. Bxf6 Qxf6 25. exf5 gxf5 26. Rf3 e4 27. Rg3+ Kh8 28. Bh5 Rg8 29. Rxc8 Bxc8 30. Rxg8+ Kxg8 31. Qb4 Qf8 32. d6 Qd8 33. Be2 b5 34. a4 bxa4 35. Bc4+ Kg7 36. Qc3+ Qf6 37. Qb4 Qd4+ 38. Kh1 Kh6 39. d7 Bxd7 40. Qf8+ Qg7 41. Qd6+ Kh5 42. Be2+ Kg5 43. g3 Qf6 44. Qxd7 Kg6 45. h4 f4 46. Qe8+ Kh6 47. Qd7 fxg3 48. Qd2+ Kg7 49. h5 Qh4+ 50. Kg2 Qh2+ {White forfeits on time} 0-1

[Event "FICS rated blitz game"]
[Site "FICS freechess.org"]
[FICSGamesDBGameNo "20002465"]
[White "Berni"]
[Black "throwback"]
[WhiteElo "1706"]
[BlackElo "1666"]
[WhiteRD "na"]
[BlackRD "na"]
[TimeControl "300+0"]
[Date "1999.10.10"]
[Time "06:35:00"]
[WhiteClock "0:05:00.000"]
[BlackClock "0:05:00.000"]
[ECO "C32"]
[PlyCount "94"]
[Result "1-0"]

1. e4 e5 2. f4 d5 3. exd5 e4 4. d3 Nf6 5. dxe4 Nxe4 6. Nf3 Bc5 7. Qe2 Bf5 8. Nc3 Qe7 9. Be3 Bxe3 10. Qxe3 Nxc3 11. Qxe7+ Kxe7 12. bxc3 Be4 13. Ng5 Bxd5 14. O-O-O c6 15. c4 Be6 16. Bd3 h6 17. Nxe6 Kxe6 18. Rhe1+ Kf6 19. Bf1 Na6 20. Rd7 Nc5 21. Rc7 Rhe8 22. Rxe8 Rxe8 23. Kd2 Re7 24. Rxe7 Kxe7 25. Bd3 f6 26. g4 Kd6 27. Ke3 Ne6 28. h4 Kc5 29. Bf5 Nd4 30. Bd3 Ne6 31. a3 Nc7 32. g5 fxg5 33. fxg5 hxg5 34. hxg5 Ne8 35. Kf4 Nd6 36. Ke5 Ne8 37. Ke6 Nd6 38. g6 Nxc4 39. Bxc4 Kxc4 40. Kf7 b5 41. Kxg7 Kc3 42. Kf6 c5 43. g7 b4 44. axb4 cxb4 45. g8=Q Kxc2 46. Qc4+ Kb2 47. Qxb4+ Ka1 {Black resigns} 1-0

[Event "FICS rated blitz game"]
[Site "FICS freechess.org"]
[FICSGamesDBGameNo "20002464"]
[White "Berni"]
[Black "geroellheimer"]
[WhiteElo "1706"]
[BlackElo "1778"]
[WhiteRD "na"]
[BlackRD "na"]
[TimeControl "300+3"]
[Date "1999.10.10"]
[Time "06:22:00"]
[WhiteClock "0:05:00.000"]
[BlackClock "0:05:00.000"]
[ECO "C41"]
[PlyCount "94"]
[Result "1/2-1/2"]

1. e4 e5 2. Nf3 d6 3. d4 Nf6 4. Nc3 exd4 5. Nxd4 Be7 6. Bc4 O-O 7. O-O Nc6 8. h3 Nxd4 9. Qxd4 Be6 10. Rd1 Bxc4 11. Qxc4 Nd7 12. f4 c6 13. Be3 Nb6 14. Qd3 Qc7 15. Rd2 Rfd8 16. Rad1 Bf6 17. Bd4 Bxd4+ 18. Qxd4 Re8 19. Qxd6 Qxd6 20. Rxd6 Nc4 21. Rd7 Nxb2 22. Rb1 Nc4 23. Rbxb7 Rf8 24. Rxa7 Rxa7 25. Rxa7 f6 26. a4 Rb8 27. a5 Rb2 28. a6 Rxc2 29. Rb7 Rxc3 30. a7 Rc1+ 31. Kh2 Ra1 32. Rb8+ Kf7 33. a8=Q Rxa8 34. Rxa8 Nd6 35. e5 fxe5 36. fxe5 Nc4 37. Ra7+ Ke6 38. Rxg7 Nxe5 39. Rxh7 c5 40. Rc7 Kd6 41. Rc8 c4 42. Rxc4 Nxc4 43. g4 Ke5 44. Kg3 Kf6 45. h4 Ne5 46. Kf4 Nxg4 47. Kxg4 Kg6 {Game drawn by mutual agreement} 1/2-1/2